 Dungeon Crawl Stone Soup version 0.18.1-5-g4a78601 (webtiles) character file.

361 Peloso the Shield-Bearer (level 6, -1/53 HPs)
             Began as a Minotaur Fighter on May 13, 2016.
             Slain by an iguana (10 damage)
             ... on level 4 of the Dungeon.
             The game lasted 00:09:04 (2133 turns).

Peloso the Shield-Bearer (Minotaur Fighter)         Turns: 2133, Time: 00:09:05

Health: -1/53      AC: 12    Str: 21    XL:     6   Next: 38%
Magic:  5/5        EV:  3    Int:  5    God:
Gold:   225        SH:  8    Dex: 11    Spells: 0 memorised, 5 levels left

rFire  . . .     SeeInvis +     a - +0 long sword
rCold  . . .     Gourm    .     o - +0 plate armour
rNeg   . . .     Faith    .     c - +0 shield
rPois  .         Spirit   .     (helmet restricted)
rElec  .         Dismiss  .     l - +0 cloak
rCorr  .         Reflect  .     (no gloves)
SustAt .         Harm     .     (no boots)
MR     .....     Rnd*Tele +     (no amulet)
Stlth  ..........               x - ring of see invisible
                                u - ring of teleportation (curse)

@: lethally poisoned (-1 -> -1), very heavily drained, not resistant to hostile
enchantments, extremely unstealthy
A: retaliatory headbutt, horns 2
a: no special abilities


You were on level 4 of the Dungeon.
You were hungry.

You visited 1 branch of the dungeon, and saw 4 of its levels.

You collected 225 gold pieces.

Inventory:

Hand Weapons
 a - a +0 long sword (weapon)
 m - a +0 hand axe of flaming
Armour
 c - a +0 shield (worn)
 l - a +0 cloak (worn)
 o - a +0 plate armour (worn)
Jewellery
 u - a cursed ring of teleportation (left hand)
 x - a ring of see invisible (right hand)
Scrolls
 r - a scroll of remove curse
 s - 2 scrolls of identify {unknown}
 t - a scroll of enchant weapon {unknown}
 w - a scroll of random uselessness {unknown}
Potions
 d - 2 potions of might
 e - a potion of heal wounds {unknown}
 g - 2 potions of degeneration {unknown}
 h - 2 potions of brilliance {unknown}
 i - a potion of resistance {unknown}
 p - 2 potions of flight {unknown}
 q - 2 potions of invisibility
 v - 3 potions of curing {unknown}
Comestibles
 f - 5 bread rations
 j - a meat ration
 k - a beef jerky
 n - 3 fruits


   Skills:
 + Level 4.5(1.0) Fighting
 + Level 3.7(0.2) Long Blades
 + Level 5.9(2.2) Armour
 + Level 1.0(0.0) Dodging
 + Level 5.9(2.3) Shields


You had 5 spell levels left.
You didn't know any spells.

Dungeon Overview and Level Annotations

Branches:
Dungeon (4/15)
 Temple: D:4-7

Altars:
Ashenzari
Elyvilon


Innate Abilities, Weirdness & Mutations

You reflexively headbutt those who attack you in melee.
You have a pair of horns on your head.


Message History

Found a flail.
There is an open door here.
An iguana comes into view.
You feel sick.
The iguana hisses angrily.
An iguana is nearby!
You feel sick.
The iguana bites you but does no damage.
You hit the iguana. Your headbutt misses the iguana.
The iguana is moderately wounded.
You block the iguana's attack. The iguana bites you.
* * * LOW HITPOINT WARNING * * *
You closely miss the iguana.
The iguana is moderately wounded.
The iguana bites you but does no damage.
You hit the iguana.
You headbutt the iguana, but do no damage.
The iguana is moderately wounded.
You feel sick. The iguana bites you!
You die...

..(..........###.#..
..........†..#
.........(...#
.............#
.............#
.............#
.#######'#####
.........#########..
............@l......
.........####.......
.......... .......
..........# .####.#
..........# .. #
........).# .#
.........# .#
....... .#


You could see an iguana.

Vanquished Creatures
  An ogre (D:4)
  2 scorpions (D:4)
  Terence (D:2)
  Natasha (thrice) (D:2)
  An adder (D:2)
  2 oozes
  A worm (D:2)
  A dart slug (D:1)
  A giant gecko (D:1)
  4 orcs (D:3)
  2 giant cockroaches
  3 goblins
  6 hobgoblins
  15 jackals
  3 bats
  2 giant newts
  5 kobolds
  5 rats
58 creatures vanquished.

Notes
Turn   | Place    | Note
--------------------------------------------------------------
     0 | D:1      | Peloso the Minotaur Fighter began the quest for the Orb.
     0 | D:1      | Reached XP level 1. HP: 19/19 MP: 0/0
   128 | D:1      | Reached XP level 2. HP: 18/27 MP: 1/1
   655 | D:2      | Noticed Natasha
   662 | D:2      | Noticed a crimson imp
   664 | D:2      | Killed Natasha
   664 | D:2      | Reached XP level 3. HP: 30/33 MP: 2/2
   668 | D:2      | Noticed Natasha
   677 | D:2      | Killed Natasha
   677 | D:2      | Reached XP level 4. HP: 22/40 MP: 3/3
   795 | D:2      | Noticed Terence
   799 | D:2      | Killed Terence
   799 | D:2      | Reached skill level 5 in Shields
  1193 | D:2      | Noticed Natasha
  1225 | D:2      | Killed Natasha
  1225 | D:2      | Reached skill level 5 in Armour
  1225 | D:2      | Reached XP level 5. HP: 33/47 MP: 4/4
  1926 | D:3      | Found a shattered altar of Ashenzari.
  1929 | D:3      | Found a white marble altar of Elyvilon.
  2070 | D:4      | Noticed an ogre
  2104 | D:4      | Killed an ogre
  2104 | D:4      | Reached XP level 6. HP: 29/53 MP: 5/5
  2116 | D:4      | Reached skill level 1 in Dodging
  2133 | D:4      | Slain by an iguana

Skill      XL: |  1  2  3  4  5  6 |
---------------+-------------------+-----
Shields        | 4 5 |  5.9
Armour         | 4 5 |  5.9
Fighting       | 4 |  4.5
Long Blades    | 3 |  3.7
Dodging        | 1 |  1.0

Action                   |  1- 3 |  4- 6 || total
-------------------------+-------+-------++-------
Melee: Long sword        |    56 |   195 ||   251
       Headbutt          |    10 |    36 ||    46
  Use: Scroll            |       |     2 ||     2
  Eat: Chunk             |       |     4 ||     4
Armor: Scale mail        |    12 |       ||    12
       Plate armour      |    28 |   160 ||   188
Dodge: Dodged            |    16 |    42 ||    58
Block: Shield            |    34 |    96 ||   130
